 Dungeon Crawl Stone Soup version 0.30-a0-168-g0b976cbdc4 (webtiles) character file.

Game seed: 11454589752228056122

2547 qw the Cleaver (level 9, 0/56 HPs)
             Began as a Gargoyle Fighter on Sept 29, 2022.
             Was an Initiate of Okawaru.
             Slain by an ogre
             ... wielding a +0 giant spiked club
              (11 damage)
             ... on level 7 of the Dungeon.
             The game lasted 00:02:20 (6328 turns).

qw the Cleaver (Gargoyle Fighter)                   Turns: 6328, Time: 00:02:20

Health: 0/56       AC: 25    Str: 23    XL:     9   Next: 56%
Magic:  9/9        EV:  6    Int:  8    God:    Okawaru [......]
Gold:   329        SH:  4    Dex:  9    Spells: 8/8 levels left

rFire   . . .      SeeInvis .    Y - +0 war axe (drain)
rCold   . . .      Faith    .    c - +0 buckler
rNeg    + + .      Spirit   .    n - +0 plate armour
rPois   inf        Reflect  .    o - +1 helmet
rElec   +          Harm     .    h - +0 cloak
rCorr   .          Rampage  .    j - +0 pair of gloves
Will    +....                    m - +0 pair of boots
Stlth   ..........               (no amulet)
HPRegen 0.18/turn                b - ring of positive energy
MPRegen 0.11/turn                (no ring)

@: no status effects
A: sickness immunity, AC +6, negative energy resistance 1, electricity
resistance, torment resistance 1, petrification resistance, strong-willed 1,
weak 1
a: Renounce Religion


You were on level 7 of the Dungeon.
You worshipped Okawaru.
Okawaru was noncommittal.
You visited 2 branches of the dungeon, and saw 8 of its levels.

You collected 329 gold pieces.


Innate Abilities, Weirdness & Mutations

You are immune to sickness and miasma.
Your stone body is resilient. (AC +6)
You are immune to poison.
You resist negative energy. (rN+)
You are resistant to electric shocks. (rElec)
You are resistant to unholy torment.
You are immune to petrification.
You are strong-willed. (Will+)
You are weak. (Str -2)


   Skills:
 - Level 6.5 Fighting
 - Level 9.1 Axes
 - Level 2.4 Throwing
 - Level 6.2 Armour
 - Level 1.0 Dodging
 + Level 3.8 Shields


You had 8 spell levels left.
You didn't know any spells.
Your spell library was empty.

Inventory:

Hand Weapons
 e - a +1 hand axe of flaming
 Y - a +0 war axe of draining (weapon)
Missiles
 a - 4 javelins (quivered)
 g - 3 boomerangs
Armour
 c - a +0 buckler (worn)
 h - a +0 cloak (worn)
 j - a +0 pair of gloves (worn)
 m - a +0 pair of boots (worn)
 n - a +0 plate armour (worn)
 o - a +1 helmet (worn)
Jewellery
 b - a ring of positive energy (left hand)
Scrolls
 i - a scroll of identify
Potions
 d - a potion of might
 f - 4 potions of curing
 k - a potion of lignification
 l - 3 potions of mutation
 p - 3 potions of haste

Dungeon Overview and Level Annotations

Branches:
Dungeon (7/15)             Temple (1/1) D:5

Altars:
Ashenzari
Cheibriados
Dithmenos
Elyvilon
Fedhas
Gozag
Hepliaklqana
Makhleb
Okawaru
Qazlal
Ru
Sif Muna
Trog
Uskayaw
Vehumet
Wu Jian
Xom
Yredelemnul
The Shining One

Annotations:
D:2 1 runed translucent door, Crazy Yiuf
D:7 1 transporter


Message History

You slash Menkaure!
You destroy Menkaure!
Okawaru accepts your kill.
You slash the centaur! You drain the centaur. You block the centaur's attack.
The centaur kicks you but does no damage.
The centaur hits you but does no damage.
The centaur kicks you but does no damage.
Your Axes skill increases to level 9!
You completely miss the centaur.
The centaur is heavily wounded.
The centaur hits you but does no damage.
The centaur barely misses you.
The centaur hits you but does no damage.
The centaur kicks you but does no damage.
You hit the centaur but do no damage.
The centaur is heavily wounded.
The centaur barely misses you.
The centaur kicks you but does no damage.
You hit the centaur.
The centaur is severely wounded.
The centaur hits you but does no damage.
You block the centaur's attack.
An ogre comes into view. It is wielding a +0 giant spiked club.
You block the centaur's attack.
The centaur kicks you but does no damage.
You barely miss the centaur.
The centaur is heavily wounded.
The centaur hits you but does no damage.
You block the centaur's attack.
You slash the centaur!
You kill the centaur!
Okawaru accepts your kill.
You barely miss the ogre.
The ogre hits you with a +0 giant spiked club!
You hit the ogre. You drain the ogre.
The ogre is moderately wounded.
A white imp comes into view.
The ogre hits you with a +0 giant spiked club!
You die...

#.##### #.....#
##....$.###......#
#....#...........###
.......#.7.7.#...#..
....................
##.##...7.7.7.7......#
..........._.........##
........7.7.7.7.......# .
...##..hO@.$....#....##..
#....#.7.7.#.#........
........................
..<....##......#).....)..
......##..##...5.<.....##
..........#.##........##8
............ ##...##..#S.
........... #....# .#.#
..... #.#.## #..


You could see an ogre (drained), a howler monkey and a white imp (wandering).

Vanquished Creatures
  Pikel (D:7)
  A steam dragon (D:6)
  Menkaure (D:7)
  A water moccasin (D:5)
  An orc warrior (D:6)
  2 ice beasts
  A sky beast (D:6)
  2 black bears
  4 lemures (D:6)
  2 centaurs
  A phantom (D:6)
  A bullfrog (D:6)
  A kobold brigand (D:5)
  2 necrophages (D:5)
  A scorpion (D:5)
  A howler monkey (D:5)
  4 hounds
  2 jellies
  2 iguanas
  6 orc wizards
  Terence (D:2)
  Robin (D:3)
  5 adders
  2 dart slugs
  4 worms
  19 orcs
  7 ball pythons
  4 endoplasms
  4 giant cockroaches
  18 goblins
  9 hobgoblins
  2 jackals (D:5)
  6 quokkas
  A bat (D:1)
  2 frilled lizards
  12 kobolds
  5 rats
139 creatures vanquished.

Vanquished Creatures (others)
  2 fungi (D:1)
  3 plants (D:1)
5 creatures vanquished.

Grand Total: 144 creatures vanquished

Notes
Turn   | Place    | Note
-------+----------+-------------------------------------------
     0 | D:1      | qw the Gargoyle Fighter began the quest for the Orb.
     0 | D:1      | Reached XP level 1. HP: 14/14 MP: 1/1
     0 | D:1      | 0 ||| qw: Version: 0.2-a-12-gaebbb33
     0 | D:1      | 0 ||| qw: Game counter: 1128
     0 | D:1      | 0 ||| qw: Always use a shield: true
     0 | D:1      | 0 ||| qw: God list: Okawaru
     0 | D:1      | 0 ||| qw: Allow faded altars: false
     0 | D:1      | 0 ||| qw: Do Orc after D:15 true
     0 | D:1      | 0 ||| qw: Do second Lair branch before Depths: true
     0 | D:1      | 0 ||| qw: Lair rune preference: random
     0 | D:1      | 0 ||| qw: Plans: Normal, Zot:1-4, God:TSO, Crypt, Tomb,
                  | Pan, Slime:5, Hells, Abyss, Orb
     0 | D:1      | 0 ||| PLANNING D:1-11
   150 | D:1      | Reached skill level 2 in Axes
   264 | D:1      | Reached XP level 2. HP: 13/19 MP: 2/2
   341 | D:1      | 341 ||| Stepping ~*~*~tactically~*~*~ (stealth).
   362 | D:1      | 362 ||| Stepping ~*~*~tactically~*~*~ (stealth).
   363 | D:1      | 363 ||| Stepping ~*~*~tactically~*~*~ (stealth).
   364 | D:1      | 364 ||| Stepping ~*~*~tactically~*~*~ (stealth).
   733 | D:1      | 733 ||| Stepping ~*~*~tactically~*~*~ (stealth).
   742 | D:1      | 742 ||| Stepping ~*~*~tactically~*~*~ (stealth).
   743 | D:1      | 743 ||| Stepping ~*~*~tactically~*~*~ (stealth).
   744 | D:1      | 744 ||| Stepping ~*~*~tactically~*~*~ (stealth).
   745 | D:1      | 745 ||| Stepping ~*~*~tactically~*~*~ (stealth).
   745 | D:1      | Found a faded altar of an unknown god.
   746 | D:1      | 746 ||| Stepping ~*~*~tactically~*~*~ (stealth).
   790 | D:1      | 790 ||| Stepping ~*~*~tactically~*~*~ (stealth).
   830 | D:1      | 830 ||| Stepping ~*~*~tactically~*~*~ (hiding).
   842 | D:1      | Reached skill level 3 in Axes
   844 | D:1      | Reached XP level 3. HP: 23/23 MP: 3/3
  1104 | D:1      | 1104 ||| UPGRADING to +0 pair of gloves.
  1109 | D:1      | 1109 ||| READING scroll labelled BALORHOC VAHIE.
  1110 | D:1      | 1110 ||| READING 2 scrolls labelled IRROEQ LEXUCZE.
  1135 | D:2      | 1135 ||| STAIRDANCE
  1141 | D:2      | 1141 ||| STAIRDANCE
  1200 | D:2      | 1200 ||| Stepping ~*~*~tactically~*~*~ (stealth).
  1203 | D:2      | 1203 ||| Stepping ~*~*~tactically~*~*~ (stealth).
  1289 | D:2      | Noticed Terence
  1299 | D:2      | Killed Terence
  1300 | D:2      | Reached XP level 4. HP: 28/28 MP: 4/4
  1302 | D:2      | 1302 ||| DROPPING +0 whip.
  1334 | D:2      | 1334 ||| Stepping ~*~*~tactically~*~*~ (stealth).
  1335 | D:2      | 1335 ||| Stepping ~*~*~tactically~*~*~ (stealth).
  1353 | D:2      | 1353 ||| Stepping ~*~*~tactically~*~*~ (stealth).
  1356 | D:2      | 1356 ||| Stepping ~*~*~tactically~*~*~ (stealth).
  1360 | D:2      | 1360 ||| Stepping ~*~*~tactically~*~*~ (stealth).
  1361 | D:2      | 1361 ||| Stepping ~*~*~tactically~*~*~ (stealth).
  1369 | D:2      | Reached skill level 4 in Axes
  1375 | D:2      | 1375 ||| Stepping ~*~*~tactically~*~*~ (stealth).
  1404 | D:2      | 1404 ||| Stepping ~*~*~tactically~*~*~ (stealth).
  1405 | D:2      | 1405 ||| Stepping ~*~*~tactically~*~*~ (stealth).
  1680 | D:2      | 1680 ||| Stepping ~*~*~tactically~*~*~ (stealth).
  1874 | D:2      | Found a runed translucent door.
  1875 | D:2      | Noticed Crazy Yiuf
  1946 | D:2      | 1946 ||| READING scroll labelled CEFAIR GISOFUNA.
  2047 | D:2      | 2047 ||| READING scroll labelled HUUREI GUYTI.
  2048 | D:2      | 2048 ||| DRINKING 2 murky puce potions.
  2079 | D:2      | 2079 ||| DRINKING 2 purple potions.
  2079 | D:2      | Gained mutation: You are strong-willed. (Will+) [potion of
                  | mutation]
  2079 | D:2      | Gained mutation: You are weak. (Str -2) [potion of
                  | mutation]
  2080 | D:2      | 2080 ||| READING 2 scrolls of identify.
  2080 | D:2      | 2080 ||| IDENTIFYING coppery potion
  2081 | D:2      | 2081 ||| DROPPING potion of flight.
  2257 | D:3      | 2257 ||| DROPPING +0 flail.
  2396 | D:3      | 2396 ||| FLEEEEING.
  2397 | D:3      | 2397 ||| FLEEEEING.
  2476 | D:3      | Noticed Robin
  2477 | D:3      | 2477 ||| Stepping ~*~*~tactically~*~*~ (hiding).
  2481 | D:3      | 2481 ||| FLEEEEING.
  2482 | D:3      | 2482 ||| FLEEEEING.
  2483 | D:3      | 2483 ||| FLEEEEING.
  2484 | D:3      | 2484 ||| FLEEEEING.
  2485 | D:3      | 2485 ||| FLEEEEING.
  2494 | D:3      | Killed Robin
  2514 | D:3      | 2514 ||| Stepping ~*~*~tactically~*~*~ (stealth).
  2525 | D:3      | Reached XP level 5. HP: 32/32 MP: 5/5
  2954 | D:3      | Reached skill level 5 in Axes
  3170 | D:3      | 3170 ||| UPGRADING to +0 pair of boots.
  3175 | D:3      | 3175 ||| UPGRADING to +1 helmet.
  3180 | D:3      | 3180 ||| DROPPING ring of wizardry.
  3181 | D:3      | 3181 ||| READING scroll labelled NUIHOE QIROELO.
  3182 | D:3      | 3182 ||| READING scroll labelled VOUDIZ KAIXETE.
  3183 | D:3      | 3183 ||| DRINKING 2 white potions.
  3284 | D:3      | 3284 ||| DROPPING potion of ambrosia.
  3402 | D:4      | 3402 ||| Stepping ~*~*~tactically~*~*~ (stealth).
  3485 | D:4      | Noticed a black bear
  3497 | D:4      | Killed a black bear
  3498 | D:4      | Reached XP level 6. HP: 36/40 MP: 6/6
  3687 | D:4      | Reached skill level 1 in Dodging
  3801 | D:4      | 3801 ||| Stepping ~*~*~tactically~*~*~ (stealth).
  3806 | D:4      | 3806 ||| Stepping ~*~*~tactically~*~*~ (stealth).
  3901 | D:4      | 3901 ||| Stepping ~*~*~tactically~*~*~ (stealth).
  4043 | D:4      | 4043 ||| UPGRADING to +0 plate armour.
  4053 | D:4      | 4053 ||| DROPPING +0 scale mail.
  4054 | D:4      | 4054 ||| READING scroll labelled KILAETZEWI.
  4055 | D:4      | 4055 ||| READING scroll labelled UNORAW LU MEF.
  4056 | D:4      | 4056 ||| READING scroll labelled QULAEC PUQO.
  4065 | D:5      | Entered Level 5 of the Dungeon
  4065 | D:5      | Noticed an ice beast
  4077 | D:5      | Killed an ice beast
  4078 | D:5      | Reached XP level 7. HP: 44/44 MP: 7/7
  4143 | D:5      | 4143 ||| Stepping ~*~*~tactically~*~*~ (hiding).
  4154 | D:5      | 4154 ||| DRINKING 5 potions of curing.
  4154 | D:5      | 4154 ||| (to cure confusion)
  4161 | D:5      | Reached skill level 1 in Throwing
  4289 | D:5      | Reached skill level 6 in Axes
  4374 | D:5      | Found a staircase to the Ecumenical Temple.
  4375 | D:5      | 4375 ||| PLANNING TEMPLE
  4375 | D:5      | 4375 ||| READING 2 scrolls of identify.
  4375 | D:5      | 4375 ||| IDENTIFYING fuming yellow potion
  4384 | Temple   | Entered the Ecumenical Temple
  4517 | Temple   | 4517 ||| PLANNING D:1-11
  4829 | D:5      | 4829 ||| Stepping ~*~*~tactically~*~*~ (stealth).
  4871 | D:5      | 4871 ||| Stepping ~*~*~tactically~*~*~ (stealth).
  4884 | D:5      | Reached skill level 7 in Axes
  4884 | D:5      | Reached XP level 8. HP: 46/48 MP: 8/8
  5259 | D:5      | 5259 ||| READING scroll labelled BUEPPU DURUEM.
  5262 | D:5      | 5262 ||| DRINKING 2 fizzy inky potions.
  5367 | D:5      | 5367 ||| DROPPING potion of berserk rage.
  5436 | D:6      | 5436 ||| Stepping ~*~*~tactically~*~*~ (hiding).
  5438 | D:6      | 5438 ||| Stepping ~*~*~tactically~*~*~ (hiding).
  5451 | D:6      | 5451 ||| Stepping ~*~*~tactically~*~*~ (stealth).
  5483 | D:6      | 5483 ||| Stepping ~*~*~tactically~*~*~ (stealth).
  5484 | D:6      | 5484 ||| Stepping ~*~*~tactically~*~*~ (stealth).
  5487 | D:6      | 5487 ||| Stepping ~*~*~tactically~*~*~ (stealth).
  5489 | D:6      | 5489 ||| Stepping ~*~*~tactically~*~*~ (stealth).
  5490 | D:6      | 5490 ||| FLEEEEING.
  5491 | D:6      | 5491 ||| Stepping ~*~*~tactically~*~*~ (stealth).
  5492 | D:6      | 5492 ||| Stepping ~*~*~tactically~*~*~ (stealth).
  5493 | D:6      | 5493 ||| Stepping ~*~*~tactically~*~*~ (stealth).
  5494 | D:6      | 5494 ||| FLEEEEING.
  5495 | D:6      | 5495 ||| Stepping ~*~*~tactically~*~*~ (stealth).
  5762 | D:6      | Identified the +1 leather armour of Huifazu {rC- Regen+
                  | Str+4 Int+7}
  5772 | D:6      | 5772 ||| Stepping ~*~*~tactically~*~*~ (stealth).
  5777 | D:6      | 5777 ||| Stepping ~*~*~tactically~*~*~ (stealth).
  5779 | D:6      | 5779 ||| Stepping ~*~*~tactically~*~*~ (hiding).
  5786 | D:6      | Reached skill level 8 in Axes
  5795 | D:6      | 5795 ||| DROPPING +0 morningstar.
  5833 | D:6      | 5833 ||| UPGRADING to ring of positive energy.
  5839 | D:6      | Reached skill level 6 in Fighting
  5839 | D:6      | Reached XP level 9. HP: 35/56 MP: 9/9
  6115 | D:6      | 6115 ||| UPGRADING to +0 cloak.
  6120 | D:6      | 6120 ||| DROPPING +6 ring of intelligence.
  6126 | D:7      | Noticed Pikel
  6126 | D:7      | Found a transporter.
  6127 | D:7      | 6127 ||| STAIRDANCE
  6135 | D:7      | 6135 ||| STAIRDANCE
  6253 | D:7      | 6253 ||| Stepping ~*~*~tactically~*~*~ (stealth).
  6260 | D:7      | Found an iron altar of Okawaru.
  6261 | D:7      | 6261 ||| PLANNING OKAWARU WORSHIP
  6264 | D:7      | Reached skill level 6 in Armour
  6275 | D:7      | Killed Pikel
  6289 | D:7      | Noticed Menkaure
  6290 | D:7      | 6290 ||| Stepping ~*~*~tactically~*~*~ (stealth).
  6295 | D:7      | 6295 ||| Stepping ~*~*~tactically~*~*~ (stealth).
  6296 | D:7      | 6296 ||| Stepping ~*~*~tactically~*~*~ (stealth).
  6298 | D:7      | 6298 ||| Stepping ~*~*~tactically~*~*~ (stealth).
  6299 | D:7      | 6299 ||| Stepping ~*~*~tactically~*~*~ (stealth).
  6300 | D:7      | 6300 ||| Stepping ~*~*~tactically~*~*~ (stealth).
  6301 | D:7      | 6301 ||| Stepping ~*~*~tactically~*~*~ (stealth).
  6303 | D:7      | Became a worshipper of Warmaster Okawaru
  6304 | D:7      | 6304 ||| PLANNING D:1-11
  6304 | D:7      | 6304 ||| Stepping ~*~*~tactically~*~*~ (hiding).
  6305 | D:7      | 6305 ||| Stepping ~*~*~tactically~*~*~ (hiding).
  6306 | D:7      | 6306 ||| Stepping ~*~*~tactically~*~*~ (hiding).
  6308 | D:7      | 6308 ||| Stepping ~*~*~tactically~*~*~ (hiding).
  6321 | D:7      | Killed Menkaure
  6322 | D:7      | Reached skill level 9 in Axes
  6327 | D:7      | HP: 10/56 [ogre/+0 giant spiked club (14)]
  6328 | D:7      | Slain by an ogre

Levels and vault maps discovered:
D:1:      minmay_arrival_stair_chambers, layout_basic,
          shapermc_ecumenical_altar_acropolis
D:2:      layout_loops_ring, minmay_domino_2, uniq_terence,
          uniq_crazy_yiuf_cottage
D:3:      layout_basic, minmay_misc_feat_more_columns, uniq_robin
D:4:      layout_basic
D:5:      layout_loops_corners, temple_fountains
D:6:      layout_rooms, nicolae_eternal_life
D:7:      layout_cave_pools, okawaru_trees_1, gammafunk_ghost_arena,
          serial_shops, nicolae_shop_waterfront, uniq_menkaure, uniq_pikel
Temple:   regret_index_temple_mists

Skill      XL: |  1  2  3  4  5  6  7  8  9 |
---------------+----------------------------+-----
Axes           | 2 3 4 5 7 8 9 |  9.1
Fighting       | 4 6 |  6.5
Dodging        | 1 |  1.0
Throwing       | 1 2 |  2.4
Armour         | 4 5 6 |  6.2
Shields        | |  3.8

Action                   |  1- 3 |  4- 6 |  7- 9 || total
-------------------------+-------+-------+-------++-------
Melee: War axe           |    88 |   147 |   233 ||   468
Throw: Boomerang         |       |    66 |       ||    66
       Javelin           |       |       |    26 ||    26
  Use: Scroll            |     2 |     8 |     2 ||    12
       Potion            |       |     3 |     2 ||     5
Armor: Scale mail        |    37 |    71 |       ||   108
       Plate armour      |       |     5 |   224 ||   229
Dodge: Dodged            |    45 |    59 |    67 ||   171
Block: Buckler           |    10 |    19 |    46 ||    75

Table legend:
 A = Non-vault XP
 B = Vault XP
 C = Vault XP percentage of total XP
 D = Non-vault monster count
 E = Vault monster count
 F = Vault count percentage of total count
                 A         B        C        D         E       F
            +---------+---------+-------+---------+---------+-------
      Total |    2749 |     890 |  24.5 |     119 |      16 |  11.9
            +---------+---------+-------+---------+---------+-------
        D:1 |      38 |       0 |   0.0 |      22 |       0 |   0.0
        D:2 |      46 |      32 |  41.0 |      13 |       1 |   7.1
        D:3 |      80 |      38 |  32.2 |      15 |      13 |  46.4
        D:4 |     253 |       0 |   0.0 |      19 |       0 |   0.0
        D:5 |     992 |       0 |   0.0 |      28 |       0 |   0.0
        D:6 |    1053 |       0 |   0.0 |      19 |       0 |   0.0
        D:7 |     287 |     820 |  74.1 |       3 |       2 |  40.0
            +---------+---------+-------+---------+---------+-------
